cohdb
Replays
Latest Replays
All Replays
Popular Replays
Top Player Replays
Match Explorer
How It Works
Community
CoH3 Stats
Reddit
Sign in to upload your games and track your stats! →
Sign in with Steam
Match 41526511
Unlisted
Match 41526511
Overview
Messages
Build Orders
End
Construct Infanterie Kompanie
Selects Mechanized Battlegroup
Grenadier Squad
MG 42 Machine Gun Team
Grenadier Squad
Grenadier Squad
Selects Mobile Repair Stations
Construct Luftwaffe Kompanie
221 Scout Car
Jäger Squad
Jäger Squad
Selects Wespe Self-propelled Artillery
Wespe Self-propelled Artillery
Jäger Squad
Wespe Self-propelled Artillery
Selects Raid Package
Luftwaffe Officer Quarters
Construct Panzer Kompanie
Selects StuG Assault Group
Stoßtruppen Squad
Selects UNKNOWN (2160084)
Panther Heavy Tank
Medical Station
Selects Zeroing Artillery Barrage
Zeroing Artillery Barrage
Shark
tadeosotomayor9
DaRtH VaDeRX2020
MADE.IN.IRAQ
The Fresh Prince
Trash Panda
Made in Germany
alicece2
0
0
Comments
sign in to comment!
No comments posted yet!